 Dungeon Crawl Stone Soup version 0.30-a0-40-gc6d0f036a7 (webtiles) character file.

Game seed: 16656574172318249739

3893 Newt the Cruncher (level 10, -2/76 HPs)
             Began as a Demonspawn Gladiator on Aug 29, 2022.
             Was an Initiate of Gozag.
             Slain by a goblin
             ... wielding a +0 spear
              (5 damage)
             ... on level 9 of the Dungeon.
             The game lasted 00:12:37 (9748 turns).

Newt the Cruncher (Demonspawn Gladiator)            Turns: 9748, Time: 00:12:38

Health: -2/76      AC: 10    Str: 19    XL:     10   Next: 0%
Magic:  10/10      EV: 13    Int: 10    God:    Gozag
Gold:   951        SH:  0    Dex: 14    Spells: 9/9 levels left

rFire   . . .      SeeInvis .    m - +4 quarterstaff (freeze)
rCold   . . .      Faith    .    (shield currently unavailable)
rNeg    . . .      Spirit   .    f - +0 ring mail
rPois   .          Reflect  .    c - +0 helmet
rElec   .          Harm     .    o - +0 cloak
rCorr   .          Rampage  .    (no gloves)
Will    .....                    (no boots)
Stlth   +.........               (no amulet)
HPRegen 0.22/turn                (no ring)
MPRegen 0.12/turn                (no ring)

@: gold aura, very slow
A: thin metallic scales 1, spiny 1, demonic touch 2
a: Renounce Religion, Potion Petition, Call Merchant, Bribe Branch


You were on level 9 of the Dungeon.
You worshipped Gozag.
Gozag was pleased with you.
You visited 2 branches of the dungeon, and saw 10 of its levels.

You collected 1007 gold pieces.
You paid 56 gold pieces to Gozag.

Inventory:

Hand Weapons
 a - a +0 rapier
 m - a +4 quarterstaff of freezing (weapon)
Missiles
 d - 3 throwing nets (quivered)
 i - 29 poisoned darts
Armour
 b - a +0 leather armour
 c - a +0 helmet (worn)
 f - a +0 ring mail (worn)
 o - a +0 cloak (worn)
Jewellery
 x - a ring of resist corrosion
 A - a ring of ice
Wands
 q - a wand of flame (27)
 u - a wand of charming (31)
 B - a wand of light (9)
Scrolls
 e - a scroll of amnesia {unknown}
 g - 3 scrolls of enchant armour
 t - 4 scrolls of teleportation
 w - 3 scrolls of silence
 y - a scroll of fear
Potions
 h - a potion of resistance
 j - 2 potions of berserk rage
 k - 2 potions of might
 l - 2 potions of curing
 n - 3 potions of haste
 p - a potion of attraction {unknown}
 r - a potion of magic {unknown}
 s - 2 potions of lignification {unknown}
 v - 2 potions of heal wounds
 z - a potion of flight {unknown}
 C - a potion of invisibility {unknown}


   Skills:
 - Level 6.0 Fighting
 - Level 2.6 Short Blades
 + Level 8.3 Staves
 - Level 4.0 Throwing
 - Level 5.0 Armour
 - Level 5.0 Dodging
 - Level 2.0 Stealth
 - Level 4.0 Evocations


You had 9 spell levels left.
You didn't know any spells.
Your spell library contained the following spells:

 Spells                   Type           Power      Damage    Failure   Level
 Ensorcelled Hibernation  Hex/Ice        0%         N/A       67%         2
 Passwall                 Tmut/Erth      0%         N/A       67%         2
 Call Canine Familiar     Summ           0%         N/A       88%         3
 Portal Projectile        Hex/Tloc       0%         N/A       88%         3
 Swiftness                Air            0%         N/A       88%         3
 Leda's Liquefaction      Hex/Erth       0%         N/A       99%         4
 Borgnjor's Vile Clutch   Necr/Erth      0%         N/A       100%        5
 Death Channel            Necr           0%         N/A       100%        6
 Animate Dead             Necr           Unusable   N/A       N/A         4

Dungeon Overview and Level Annotations

Branches:
Dungeon (9/15)             Temple (1/1) D:4
   Lair: D:8-11         Orc: D:9-12

Altars:
Ashenzari
Fedhas
Gozag
Hepliaklqana
Makhleb
Nemelex Xobeh
Okawaru
Qazlal
Ru
Trog
Uskayaw
Vehumet
Wu Jian
Xom
Yredelemnul

Shops:
D:4 [   D:7 (


Innate Abilities, Weirdness & Mutations

You are partially covered in thin metallic scales. (AC +2)
You are partially covered in sharp spines.
Your touch may inflict irresistible damage on your foes.


Message History

A two-headed ogre comes into view.
It is wielding a +0 dire flail and a +0 giant club.
The gnoll hits you with a +0 spear.
Your unstable footing causes you to fumble your attack.
You hear the steady creaking of a portcullis very nearby.
The two-headed ogre shouts in stereo!
Your unstable footing causes you to fumble your attack.
The gnoll closely misses you. The orc hits you but does no damage.
Your unstable footing causes you to fumble your attack.
The orc barely misses you. The gnoll hits you with a +0 spear.
Your unstable footing causes you to fumble your attack.
The gnoll is struck by your spines. The gnoll hits you but does no damage.
The orc splashes around in the water.
You sock the gnoll! You freeze the gnoll.
You kill the gnoll!
You hear a splash.
The orc hits you from afar with a +0 spear.
The goblin hits you but does no damage.
The two-headed ogre attacks as you move away!
The two-headed ogre hits you with a +0 dire flail.
The two-headed ogre hits you with a +0 giant club!
The orc hits you from afar with a +0 spear.
You sock the two-headed ogre! You freeze the two-headed ogre.
The two-headed ogre is moderately wounded.
The goblin splashes around in the water.
The two-headed ogre is distracted by your dazzling golden aura.
Your unstable footing causes you to fumble your attack.
The goblin closely misses you.
The two-headed ogre shouts in stereo!
You bludgeon the two-headed ogre!! You freeze the two-headed ogre!
The two-headed ogre is no longer distracted by gold.
The two-headed ogre is severely wounded.
You hear a loud, deep croak!
The two-headed ogre is struck by your spines.
The two-headed ogre hits you with a +0 dire flail!
* * * LOW HITPOINT WARNING * * *
The two-headed ogre hits you with a +0 giant club!
* * * LOW HITPOINT WARNING * * *
The goblin hits you from afar with a +0 spear.
You die...
Your body crumbles into a pile of gold.

.............PP.......#
.............PPPPPPP..#
.............PPPPPPP..#
.....##.##............#
.... . ....$....# ...
##. .#######.#### ..
.##..# #$...####
......########)##.....
.......oO@~~~~)~~~~~~~
.......g###.......###~
.......~# #########
.......$# (......~.
.......~.# .......~.#
.##....~.# #....~.#


You could see a two-headed ogre, an orc and a goblin.

Vanquished Creatures
  Grinder (D:6)
  Prince Ribbit (D:6)
  5 yaks (D:8)
  2 steam dragons
  A water moccasin (D:6)
  A black bear (D:5)
  An ice beast (D:5)
  2 ogres
  2 centaurs
  3 phantoms
  3 kobold brigands
  5 scorpions
  A necrophage (D:6)
  8 hounds
  3 orc priests
  Crazy Yiuf (D:2)
  5 jellies
  5 iguanas
  Ijyb (D:3)
  7 orc wizards
  7 gnolls
  7 adders
  A white imp (D:6)
  6 worms
  A dart slug (D:1)
  30 orcs
  6 endoplasms
  4 giant cockroaches
  9 goblins
  5 hobgoblins
  4 jackals (D:1)
  16 kobolds
  5 quokkas
  7 ball pythons
  5 bats
  2 frilled lizards (D:2)
  8 rats
181 creatures vanquished.

Vanquished Creatures (others)
  A sky beast (D:8)
  A white imp (D:7)
  An ufetubus (D:6)
  9 plants (D:3)
12 creatures vanquished.

Grand Total: 193 creatures vanquished

Notes
Turn   | Place    | Note
-------+----------+-------------------------------------------
     0 | D:1      | Newt the Demonspawn Gladiator began the quest for the Orb.
     0 | D:1      | Reached XP level 1. HP: 16/16 MP: 1/1
   217 | D:1      | Reached skill level 1 in Stealth
   414 | D:1      | Gained mutation: Your touch may inflict minor irresistible
                  | damage on your foes. [demonic ancestry]
   414 | D:1      | Reached XP level 2. HP: 20/22 MP: 2/2
   750 | D:1      | Found a faded altar of an unknown god.
   965 | D:2      | Gained mutation: You are partially covered in thin metallic
                  | scales. (AC +2) [demonic ancestry]
   965 | D:2      | Reached XP level 3. HP: 28/28 MP: 3/3
   993 | D:2      | Found a runed translucent door.
   994 | D:2      | Noticed Crazy Yiuf
  2157 | D:2      | Killed Crazy Yiuf
  2158 | D:2      | Reached XP level 4. HP: 17/37 MP: 4/4
  2731 | D:2      | Reached skill level 1 in Staves
  2812 | D:3      | Reached skill level 2 in Staves
  2812 | D:3      | Reached XP level 5. HP: 27/42 MP: 5/5
  2921 | D:3      | Noticed Ijyb
  2947 | D:3      | Killed Ijyb
  2948 | D:3      | Reached skill level 3 in Staves
  3497 | D:3      | Noticed an ogre
  3502 | D:3      | Killed an ogre
  3503 | D:3      | Reached skill level 4 in Staves
  3503 | D:3      | Gained mutation: You are partially covered in sharp spines.
                  | [demonic ancestry]
  3503 | D:3      | Reached XP level 6. HP: 48/48 MP: 6/6
  3564 | D:3      | Found a sparkling altar of Nemelex Xobeh.
  3864 | D:4      | Found an ornate altar of the Wu Jian Council.
  3947 | D:4      | Reached skill level 5 in Staves
  4026 | D:4      | Reached skill level 1 in Armour
  4267 | D:4      | Found a staircase to the Ecumenical Temple.
  4291 | Temple   | Entered the Ecumenical Temple
  4382 | Temple   | Became a worshipper of Gozag Ym Sagoz the Greedy
  4396 | D:4      | Found Zoerchei's Antique Armour Boutique.
  4418 | D:4      | Reached XP level 7. HP: 49/54 MP: 7/7
  4681 | D:4      | Found a sacrificial altar of Ru.
  4807 | D:4      | Found a bloodstained altar of Trog.
  4877 | D:5      | Entered Level 5 of the Dungeon
  5428 | D:5      | Reached skill level 5 in Armour
  5428 | D:5      | Reached XP level 8. HP: 47/60 MP: 8/8
  6304 | D:6      | Noticed Grinder
  6337 | D:6      | Killed Grinder
  6729 | D:6      | Reached skill level 6 in Staves
  6774 | D:6      | Reached skill level 1 in Evocations
  6797 | D:6      | Noticed Prince Ribbit
  6821 | D:6      | Killed Prince Ribbit
  6822 | D:6      | Reached XP level 9. HP: 19/69 MP: 9/9
  6838 | D:6      | Found a radiant altar of Vehumet.
  7546 | D:7      | Found a broken altar of Ashenzari.
  8127 | D:7      | Found Notradol's Weapon Emporium.
  8497 | D:7      | Found a basalt altar of Yredelemnul.
  8591 | D:7      | Reached skill level 5 in Dodging
  8994 | D:8      | Reached skill level 7 in Staves
  9389 | D:8      | Reached skill level 8 in Staves
  9508 | D:9      | Gained mutation: Your touch may inflict irresistible damage
                  | on your foes. [demonic ancestry]
  9508 | D:9      | Reached XP level 10. HP: 18/76 MP: 10/10
  9703 | D:9      | Found an iron altar of Okawaru.
  9737 | D:9      | Noticed a two-headed ogre
  9748 | D:9      | HP: 3/76 [two-headed ogre/+0 dire flail (17)]
  9748 | D:9      | Slain by a goblin

Illustrated notes

Levels and vault maps discovered:
D:1:      tarquinn_simple_flora_water_c, layout_basic,
          hellmonk_ecumenical_altar_heavens_door
D:2:      layout_basic, uniq_crazy_yiuf_cottage
D:3:      layout_loops_cross, mainiacjoe_overflow_cross_hatched, uniq_ijyb
D:4:      layout_basic, nicolae_ru_great_annihilating_truth,
          overflow_temple_1_default, mainiacjoe_overflow_six_doors_small,
          nicolae_wu_jian_glorious_leap, minmay_temple_entry_statues_fountains,
          serial_shops, shop, grunt_ministairs_5, cheibrodos_gnoll_hut
D:5:      layout_basic, hangedman_abyss_or_decor_jellyfish_corner, st_stairs_10
D:6:      layout_basic, vehumet_crystals, enter_ossuary_1, uniq_prince_ribbit1,
          uniq_grinder
D:7:      layout_loops_corners, kennysheep_ying_yang,
          nicolae_overflow_crystal_walls, serial_shops,
          nicolae_shop_bloodbath_and_beyond
D:8:      layout_basic, grunt_dithmenos_smoke_and_mirrors, hangedman_misty_isle
D:9:      layout_cave_pools, zin_statuary, cheibriados_altar_1,
          mainiacjoe_overflow_chevrons, lightli_bailey_entry_fortress,
          ebering_dispersal_statue_hall
Temple:   nicolae_temple_great_sept

Skill      XL: |  1  2  3  4  5  6  7  8  9 |
---------------+----------------------------+-----
Stealth        | 1 2 |  2.0
Fighting       | 4 6 |  6.0
Staves         | 2 4 5 6 8 |  8.3
Armour         | 1 5 |  5.0
Throwing       | 2 4 |  4.0
Evocations     | 3 4 |  4.0
Dodging        | 5 |  5.0
Short Blades   | |  2.6

Action                   |  1- 3 |  4- 6 |  7- 9 | 10-12 || total
-------------------------+-------+-------+-------+-------++-------
Melee: Rapier            |   147 |       |       |       ||   147
       Touch             |    16 |       |       |       ||    16
       Quarterstaff      |       |   104 |   237 |    14 ||   355
Throw: Throwing net      |     1 |       |     2 |       ||     3
       Javelin           |       |     1 |     3 |       ||     4
       Dart              |       |       |    10 |       ||    10
Evoke: Wand              |       |     2 |     1 |       ||     3
  Use: Scroll            |     3 |     5 |     5 |     1 ||    14
       Potion            |       |     1 |       |       ||     1
 Stab: Sleeping          |     2 |     5 |     1 |       ||     8
       Paralysed         |       |     1 |     1 |       ||     2
       Held in net/web   |       |       |     2 |       ||     2
Armor: Leather armour    |    24 |       |       |       ||    24
       Ring mail         |    25 |    40 |    92 |     5 ||   162
Dodge: Dodged            |    78 |    45 |   117 |     6 ||   246

Table legend: (Time is in decaauts)
 A = Elapsed time spent in this place.
 B = Non-inter-level travel time spent in this place.
 C = Inter-level travel time spent in this place.
 D = Time resting spent in this place.
 E = Time spent auto-exploring this place.
 F = Levels seen in this place.
 G = Mean time per level.
                   A        B        C        D        E       F      G
               +--------+--------+--------+--------+--------+-----+--------+
         Total |   9779 |   9543 |    236 |   1918 |   6140 |  10 |  977.9 |
       Dungeon |   9676 |   9473 |    203 |   1918 |   6078 |   9 | 1075.1 |
        Temple |    102 |     69 |     33 |      0 |     62 |   1 |  102.0 |
               +--------+--------+--------+--------+--------+-----+--------+

Top non-repeatable levels by time:
     D:2: 1793 daAuts
     D:7: 1394 daAuts
     D:4: 1319 daAuts
     D:6: 1291 daAuts
     D:5: 1135 daAuts
     D:3: 969 daAuts
     D:1: 957 daAuts
     D:8: 552 daAuts
     D:9: 263 daAuts
  Temple: 102 daAuts
